Harfangs vs Diables
(R1)
Created - January 24, 2019 at 19:05
Goals
|
| Harfangs |
2 |
0 |
0 |
2 |
| Diables |
3 |
3 |
1 |
7 |
|
Shots
|
| Harfangs |
10 |
12 |
11 |
33 |
| Diables |
18 |
7 |
7 |
32 |
|
1st period
1. Harfangs , Andreas Martinsen 14 (Jimmy Hayes 31, Cody Eakin 32) at 7:27
2. Diables , Jordan Caron 16 (Chris Bigras 2, Nick Bjugstad 34) at 10:03
3. Diables , Louis Leblanc 15 (Carl Gunnarsson 23, Brandon Burlon 14) at 11:32
4. Diables , Craig Smith 25 (Tim Schaller 37, Mark Fraser 12) at 11:44
5. Harfangs , Jujhar Khaira 8 (Brandon Pirri 13, Oscar Sundqvist 14) at 17:41
Penalties :
Michael Bournival (BEA) for Interference (Minor) at 0:37, Taylor Beck (Alm) for Interference (Minor) at 13:51
2nd period
6. Diables , Mikko Lehtonen 21 (Chris Bigras 3) at 3:00
7. Diables , Christian Thomas 6 (Mikko Lehtonen 14, Mark Fraser 13) at 5:25
8. Diables , Mikko Lehtonen 22 (Louis Leblanc 14, Chris Bigras 4) at 12:10
Penalties :
Craig Smith (Alm) for Roughing (Minor) at 0:03, Cody Eakin (BEA) for Holding (Minor) at 5:32, Craig Smith (Alm) for Slashing (Minor) at 5:37, Calle Jarnkrok (BEA) for Tripping (Minor) at 18:31
3rd period
9. Diables , Brandon Burlon 9 (Craig Smith 37, Daniel Zaar 5) at 10:45 (PP)
Penalties :
Tim Schaller (Alm) for Fighting (Major) at 9:01, Mark Alt (BEA) for Fighting (Major) at 9:01, Reid McNeill (BEA) for Slashing (Minor) at 10:20, Rinat Valiev (BEA) for Hooking (Minor) at 11:07
Goalie Stats
Anton Forsberg (BEA), 10 saves from 13 shots - (0.769), 37:00 minutes
Mark Visentin (BEA), 15 saves from 19 shots - (0.789), L, 2-2-1, 23:00 minutes
Malcolm Subban (Alm), 31 saves from 33 shots - (0.939), W, 16-9-4, 60:00 minutes
Players Stats for Harfangs
Player Name G A P +/- PIM S H SB GA TA FO MP PP MP PK MP
------------------------------------------------------------------------------------
Andreas Martinsen 1 0 1 -1 0 1 2 0 0 1 0/1 20:30 2:03 0:58
Brandon Pirri 0 1 1 -1 0 1 0 1 0 0 0/0 15:40 1:42 2:12
Brendan Leipsic 0 0 0 0 0 0 1 0 0 0 0/0 6:26 0:00 0:00
Calle Jarnkrok 0 0 0 -2 2 4 1 1 0 0 7/11 18:10 1:42 1:14
Cody Eakin 0 1 1 -1 2 2 2 0 0 0 19/34 20:10 2:15 0:55
Colton Sissons 0 0 0 0 0 1 0 0 0 1 2/2 7:33 0:23 0:00
Dylan Olsen 0 0 0 -1 0 3 0 2 0 0 0/0 17:26 2:33 1:18
Jeff Petry 0 0 0 -1 0 0 3 1 0 1 0/0 27:57 2:33 4:41
Jimmy Hayes 0 1 1 -1 0 8 2 1 1 3 0/1 22:19 2:04 3:25
Jujhar Khaira 1 0 1 -1 0 3 2 0 1 0 0/0 10:47 0:18 0:00
Mark Alt 0 0 0 -1 5 2 0 1 0 0 0/0 14:01 0:00 0:57
Michael Bournival 0 0 0 -2 2 2 6 1 2 0 1/1 17:56 1:42 1:07
Nick Sorensen 0 0 0 -2 0 0 0 1 0 0 1/2 14:09 0:00 0:00
Oscar Sundqvist 0 1 1 -1 0 1 1 1 0 0 6/16 14:06 0:00 3:55
Reid McNeill 0 0 0 -1 2 3 2 0 0 0 0/0 15:45 0:00 1:45
Rinat Valiev 0 0 0 -2 2 0 1 0 0 0 0/0 15:37 1:30 0:00
Ryan Hartman 0 0 0 0 0 0 1 0 0 0 0/0 6:26 0:00 0:00
Victor Bartley 0 0 0 -2 0 2 1 3 0 0 0/0 26:35 1:30 3:21
Players Stats for Diables
Player Name G A P +/- PIM S H SB GA TA FO MP PP MP PK MP
------------------------------------------------------------------------------------
Brandon Burlon 1 1 2 -1 0 4 2 0 0 0 0/0 26:55 4:16 2:13
Carl Gunnarsson 0 1 1 -1 0 1 3 1 0 0 0/0 26:55 4:16 2:13
Chris Bigras 0 3 3 2 0 0 1 0 0 0 0/0 12:08 0:00 0:01
Christian Thomas 1 0 1 3 0 2 1 0 1 0 0/0 10:48 0:00 0:29
Craig Smith 1 1 2 0 4 5 1 1 1 1 1/4 20:58 3:57 0:57
Daniel Zaar 0 1 1 0 0 0 0 0 0 0 5/8 3:02 1:02 0:03
Elias Lindholm 0 0 0 0 0 0 2 0 0 0 2/5 7:03 0:00 0:00
Jamie Oleksiak 0 0 0 2 0 1 3 0 0 0 0/0 12:08 0:00 0:01
Jan Mursak 0 0 0 1 0 0 2 0 2 0 0/0 16:38 2:29 0:00
Jordan Caron 1 0 1 1 0 2 1 0 0 0 1/3 17:43 2:29 0:50
Louis Leblanc 1 1 2 3 0 2 1 0 0 0 1/4 11:08 0:00 0:49
Mark Fraser 0 2 2 3 0 0 1 0 0 0 0/0 20:57 2:11 1:49
Michal Repik 0 0 0 0 0 2 1 0 0 0 0/2 8:46 0:00 1:15
Mikko Lehtonen 2 1 3 3 0 4 2 0 0 1 0/0 11:33 0:32 0:00
Mitchell Moroz 0 0 0 0 0 2 2 0 0 0 0/0 7:03 0:00 0:00
Nick Bjugstad 0 1 1 1 0 2 0 1 1 1 5/10 17:52 2:29 0:59
Pavel Valentenko 0 0 0 3 0 0 2 1 0 0 0/0 20:57 2:11 1:49
Taylor Beck 0 0 0 0 2 3 1 1 0 1 1/1 21:23 3:58 0:45
Tim Schaller 0 1 1 0 5 2 1 0 1 0 16/31 20:02 2:24 1:59
3 Stars
1 - Mikko Lehtonen (Alm)
2 - Louis Leblanc (Alm)
3 - Chris Bigras (Alm)
Power Play
Harfangs - 0 on 3 Attempt(s) - 0.00%
Diables - 1 on 5 Attempt(s) - 20.00%
Penalty Kill
Harfangs - 4 on 5 Attempt(s) - 80.00%
- Score 0 goal in Penalty Kill
Diables - 3 on 3 Attempt(s) - 100.00%
- Score 0 goal in Penalty Kill
Team Stat
Harfangs - Hits : 25 - Faceoff Wins : 36 - Blocked Shots : 13 - Penalty Minutes : 15
Diables - Hits : 27 - Faceoff Wins : 32 - Blocked Shots : 5 - Penalty Minutes : 11
Official
Referees : Unknown
Linesman : Unknown
Game Notes
Anton Forsberg enters game at 3:00 of 2nd period
Dylan Olsen is injured at 13:06 of 2nd period (Herniated Disc)
Tim Schaller and Mark Alt fight to a draw at 9:01 of 3rd period
16:44 of 3rd period - Diables goal is going for a video replay. After video review, No Goal. The referee deems the play has been stopped, even if he had not physically had the opportunity to stop play by blowing his whistle.
Finance
Level 1 -- Attendance: 1506 (75.30%) -- Ticket Income $60,240
Level 2 -- Attendance: 690 (69.00%) -- Ticket Income $13,800
Total Attendance: 2196 (73.20%)
Total Ticket Income: $74,040
Other Income: $3,702
Total Income: $77,742
Harfangs
5 vs 5 Forward
Center Left Wing Right Wing Time % Phy DF OF
1 Cody Eakin Andreas Martinsen Jimmy Hayes 40 0 1 4
2 Calle Jarnkrok Michael Bournival Nick Sorensen 30 0 1 4
3 Oscar Sundqvist Jujhar Khaira Brandon Pirri 20 0 1 4
4 Colton Sissons Brendan Leipsic Ryan Hartman 10 0 4 1
5 vs 5 Defense
Defense Defense Time % Phy DF OF
1 Jeff Petry Dylan Olsen 40 1 3 1
2 Victor Bartley Rinat Valiev 30 1 3 1
3 Mark Alt Reid McNeill 20 1 3 1
4 Victor Bartley Dylan Olsen 10 1 3 1
PowerPlay Forward
Center Left Wing Right Wing Time % Phy DF OF
1 Cody Eakin Andreas Martinsen Jimmy Hayes 60 0 1 4
2 Calle Jarnkrok Michael Bournival Brandon Pirri 40 0 1 4
PowerPlay Defense
Defense Defense Time % Phy DF OF
1 Dylan Olsen Jeff Petry 60 0 2 3
2 Rinat Valiev Victor Bartley 40 0 2 3
Penalty Kill 4 Players Forward
Center Wing Time % Phy DF OF
1 Oscar Sundqvist Jimmy Hayes 60 0 4 1
2 Calle Jarnkrok Brandon Pirri 40 0 4 1
Penalty Kill 4 Players Defense
Defense Defense Time % Phy DF OF
1 Dylan Olsen Jeff Petry 60 1 4 0
2 Mark Alt Victor Bartley 40 1 4 0
Penalty Kill - 3 Players Forward
Forward Time % Phy DF OF
1 Oscar Sundqvist 60 0 4 1
2 Calle Jarnkrok 40 0 4 1
Penalty Kill - 3 Players Defense
Defense Defense Time % Phy DF OF
1 Dylan Olsen Jeff Petry 60 1 4 0
2 Mark Alt Victor Bartley 40 1 4 0
4 vs 4 Forward
Center Wing Time % Phy DF OF
1 Calle Jarnkrok Brandon Pirri 60 0 2 3
2 Cody Eakin Andreas Martinsen 40 0 2 3
4 vs 4 Defense
Defense Defense Time % Phy DF OF
1 Dylan Olsen Jeff Petry 60 1 3 1
2 Rinat Valiev Victor Bartley 40 1 3 1
Last Minutes Offensive
Center Left Wing Right Wing Defense Defense
Cody Eakin Michael Bournival Jimmy Hayes Dylan Olsen Victor Bartley
Last Minutes Defensive
Center Left Wing Right Wing Defense Defense
Cody Eakin Andreas Martinsen Jimmy Hayes Dylan Olsen Victor Bartley
Goaltenders
Starting : Mark Visentin
Backup : Anton Forsberg
Extra Forwards
Normal : Colton Sissons, Jujhar Khaira, Michael Bournival - PP : Colton Sissons, Jujhar Khaira - PK : Michael Bournival
Extra Defensemen
Normal : Dylan Olsen, Victor Bartley, Jeff Petry - PP : Dylan Olsen - PK : Victor Bartley, Jeff Petry
Penalty Shots
Jimmy Hayes, Cody Eakin, Brandon Pirri, Andreas Martinsen, Calle Jarnkrok
Scratches
Cristoval Nieves (Healthy), Jake Dotchin (Healthy), Brenden Kichton (Healthy), Blake Heinrich (Strained Groin Injury), Morgan Klimchuk (Healthy)
Laurent Dauphin (Healthy), Erik Nystrom (Healthy), Tomas Kubalik (Healthy), Jason Kasdorf (Healthy), Scott Wedgewood (Healthy)
Zachary Fucale (Healthy)
Diables
5 vs 5 Forward
Center Left Wing Right Wing Time % Phy DF OF
1 Tim Schaller Taylor Beck Craig Smith 40 1 2 2
2 Nick Bjugstad Jan Mursak Jordan Caron 30 1 2 2
3 Louis Leblanc Christian Thomas Mikko Lehtonen 20 1 2 2
4 Elias Lindholm Mitchell Moroz Michal Repik 10 1 2 2
5 vs 5 Defense
Defense Defense Time % Phy DF OF
1 Brandon Burlon Carl Gunnarsson 40 1 2 2
2 Mark Fraser Pavel Valentenko 30 1 2 2
3 Jamie Oleksiak Chris Bigras 20 1 2 2
4 Brandon Burlon Carl Gunnarsson 10 1 2 2
PowerPlay Forward
Center Left Wing Right Wing Time % Phy DF OF
1 Tim Schaller Taylor Beck Craig Smith 60 1 2 2
2 Nick Bjugstad Jan Mursak Jordan Caron 40 1 2 2
PowerPlay Defense
Defense Defense Time % Phy DF OF
1 Brandon Burlon Carl Gunnarsson 60 1 2 2
2 Mark Fraser Pavel Valentenko 40 1 2 2
Penalty Kill 4 Players Forward
Center Wing Time % Phy DF OF
1 Craig Smith Tim Schaller 60 1 2 2
2 Nick Bjugstad Jordan Caron 40 1 2 2
Penalty Kill 4 Players Defense
Defense Defense Time % Phy DF OF
1 Brandon Burlon Carl Gunnarsson 60 1 2 2
2 Mark Fraser Pavel Valentenko 40 1 2 2
Penalty Kill - 3 Players Forward
Forward Time % Phy DF OF
1 Craig Smith 60 1 2 2
2 Tim Schaller 40 1 2 2
Penalty Kill - 3 Players Defense
Defense Defense Time % Phy DF OF
1 Brandon Burlon Carl Gunnarsson 60 1 2 2
2 Mark Fraser Pavel Valentenko 40 1 2 2
4 vs 4 Forward
Center Wing Time % Phy DF OF
1 Craig Smith Tim Schaller 60 1 2 2
2 Nick Bjugstad Jordan Caron 40 1 2 2
4 vs 4 Defense
Defense Defense Time % Phy DF OF
1 Brandon Burlon Carl Gunnarsson 60 1 2 2
2 Mark Fraser Pavel Valentenko 40 1 2 2
Last Minutes Offensive
Center Left Wing Right Wing Defense Defense
Tim Schaller Taylor Beck Craig Smith Brandon Burlon Carl Gunnarsson
Last Minutes Defensive
Center Left Wing Right Wing Defense Defense
Tim Schaller Taylor Beck Craig Smith Brandon Burlon Carl Gunnarsson
Goaltenders
Starting : Malcolm Subban
Backup : Garret Sparks
Extra Forwards
Normal : Daniel Zaar, Mikko Lehtonen, Michal Repik - PP : Daniel Zaar, Mikko Lehtonen - PK : Michal Repik
Extra Defensemen
Normal : Jamie Oleksiak, Chris Bigras, Mark Fraser - PP : Jamie Oleksiak - PK : Chris Bigras, Mark Fraser
Penalty Shots
Craig Smith, Tim Schaller, Nick Bjugstad, Jordan Caron, Taylor Beck
Scratches
Brandon Prust (Sprained Left Ankle Injury), Stephen Harper (Healthy), Emil Djuse (Healthy), Gemel Smith (Healthy), Matt Lindblad (Healthy)
Cole Cassels (Healthy), Jeremy Gregoire (Healthy), Connor Hurley (Healthy), Gustav Olofsson (Healthy), Andreas Johnsson (Healthy)
Brett Ritchie (Healthy), Jonas Junland (Healthy), Andrew O'Brien (Healthy), Marc-André Bourdon (Healthy), Linus Ullmark (Healthy)
Jack Campbell (Healthy)
% Time on Ice - Harfangs
Lines # - Real PCT - Wanted PCT - Time Play
Normal Forward
1 - 36% - 40% - 17:06
2 - 30% - 30% - 14:10
3 - 21% - 20% - 9:54
4 - 14% - 10% - 6:26
Normal Defense
1 - 45% - 40% - 21:16
2 - 24% - 30% - 11:25
3 - 19% - 20% - 9:15
4 - 12% - 10% - 5:40
PP Forward
1 - 58% - 60% - 2:21
2 - 42% - 40% - 1:42
PP Defense
1 - 63% - 60% - 2:33
2 - 37% - 40% - 1:30
PK Forward
1 - 75% - 60% - 4:51
2 - 25% - 40% - 1:36
PK Defense
1 - 77% - 60% - 4:57
2 - 23% - 40% - 1:30
PK3 Forward
1 - 0% - 60%
2 - 0% - 40%
PK3 Defense
1 - 0% - 60%
2 - 0% - 40%
44 Forward
1 - 76% - 60% - 1:27
2 - 24% - 40% - 0:27
44 Defense
1 - 54% - 60% - 1:02
2 - 46% - 40% - 0:52
Last Minute Offensive - 0:00
Last Minute Defensive - 0:00
Total
Forward - 60:00
Defense - 60:00
|
% Time on Ice - Diables
Lines # - Real PCT - Wanted PCT - Time Play
Normal Forward
1 - 33% - 40% - 15:50
2 - 30% - 30% - 14:24
3 - 22% - 20% - 10:19
4 - 15% - 10% - 7:03
Normal Defense
1 - 39% - 40% - 18:29
2 - 34% - 30% - 16:10
3 - 25% - 20% - 11:48
4 - 2% - 10% - 1:09
PP Forward
1 - 61% - 60% - 3:58
2 - 39% - 40% - 2:29
PP Defense
1 - 66% - 60% - 4:16
2 - 34% - 40% - 2:11
PK Forward
1 - 79% - 60% - 3:13
2 - 21% - 40% - 0:50
PK Defense
1 - 55% - 60% - 2:14
2 - 45% - 40% - 1:49
PK3 Forward
1 - 0% - 60%
2 - 0% - 40%
PK3 Defense
1 - 0% - 60%
2 - 0% - 40%
44 Forward
1 - 100% - 60% - 1:54
2 - 0% - 40% - 0:00
44 Defense
1 - 59% - 60% - 1:07
2 - 41% - 40% - 0:47
Last Minute Offensive - 0:00
Last Minute Defensive - 0:00
Total
Forward - 60:00
Defense - 60:00
|
Play-by-Play
1st period
0:01 of 1st period - Cody Eakin wins face-off versus Tim Schaller in neutral zone.
0:27 of 1st period - Jordan Caron is hit by Michael Bournival and loses puck.
0:37 of 1st period - Minor Penalty to Michael Bournival for Interference.
0:38 of 1st period - Craig Smith wins face-off versus Oscar Sundqvist in Harfangs zone.
2:37 of 1st period - Penalty to Michael Bournival is over, Michael Bournival is back on ice.
2:52 of 1st period - Pavel Valentenko is hit by Victor Bartley and loses puck.
3:01 of 1st period - Jamie Oleksiak is hit by Brendan Leipsic and loses puck.
3:35 of 1st period - Brandon Burlon is hit by Michael Bournival and loses puck.
3:55 of 1st period - Off-side.
3:56 of 1st period - Colton Sissons wins face-off versus Elias Lindholm in neutral zone.
4:01 of 1st period - Snap shot by Mitchell Moroz.
4:01 of 1st period - Stopped by Mark Visentin without a rebound.
4:02 of 1st period - Tim Schaller wins face-off versus Oscar Sundqvist in Harfangs zone.
4:38 of 1st period - Snap shot by Nick Bjugstad.
4:38 of 1st period - Shot Misses the Net.
4:40 of 1st period - Slapshot by Mark Fraser.
4:40 of 1st period - Shot Blocked by Jimmy Hayes.
4:48 of 1st period - Jimmy Hayes is hit by Mark Fraser and loses puck.
5:03 of 1st period - Snap shot by Michal Repik.
5:03 of 1st period - Stopped by Mark Visentin without a rebound.
5:04 of 1st period - Calle Jarnkrok wins face-off versus Elias Lindholm in Harfangs zone.
5:08 of 1st period - Off-side.
5:09 of 1st period - Nick Sorensen wins face-off versus Tim Schaller in neutral zone.
5:36 of 1st period - Brandon Pirri is hit by Jan Mursak.
5:58 of 1st period - Wrist shot by Jordan Caron.
5:58 of 1st period - Deflect By Mikko Lehtonen.
5:58 of 1st period - Stopped by Mark Visentin without a rebound.
5:59 of 1st period - Calle Jarnkrok wins face-off versus Louis Leblanc in Harfangs zone.
5:59 of 1st period - Calle Jarnkrok is hit by Jamie Oleksiak.
6:17 of 1st period - Wrist shot by Louis Leblanc.
6:17 of 1st period - Shot Blocked by Calle Jarnkrok.
6:19 of 1st period - Snap shot by Louis Leblanc.
6:19 of 1st period - Deflect By Christian Thomas.
6:19 of 1st period - Stopped by Mark Visentin with a rebound.
6:31 of 1st period - Wrist shot by Louis Leblanc.
6:31 of 1st period - Stopped by Mark Visentin without a rebound.
6:32 of 1st period - Cody Eakin wins face-off versus Tim Schaller in Harfangs zone.
6:37 of 1st period - Wrist shot by Andreas Martinsen.
6:37 of 1st period - Shot Blocked by Craig Smith.
6:54 of 1st period - Icing by Craig Smith.
6:55 of 1st period - Oscar Sundqvist wins face-off versus Nick Bjugstad in Diables zone.
7:27 of 1st period - Snap shot by Andreas Martinsen.
7:27 of 1st period - Goal by Andreas Martinsen - Harfangs : 1 - Diables : 0.
7:28 of 1st period - Tim Schaller wins face-off versus Andreas Martinsen in neutral zone.
7:41 of 1st period - Wrist shot by Tim Schaller.
7:41 of 1st period - Deflect By Craig Smith.
7:41 of 1st period - Shot Blocked by Dylan Olsen.
7:41 of 1st period - Puck is out of play.
7:42 of 1st period - Calle Jarnkrok wins face-off versus Nick Bjugstad in Harfangs zone.
8:14 of 1st period - Icing by Jeff Petry.
8:15 of 1st period - Cody Eakin wins face-off versus Tim Schaller in Harfangs zone.
8:30 of 1st period - Wrist shot by Craig Smith.
8:30 of 1st period - Shot Misses the Net.
8:44 of 1st period - Snap shot by Michael Bournival.
8:44 of 1st period - Stopped by Malcolm Subban without a rebound.
8:45 of 1st period - Nick Bjugstad wins face-off versus Calle Jarnkrok in Diables zone.
8:45 of 1st period - Nick Bjugstad is hit by Michael Bournival.
8:51 of 1st period - Wrist shot by Calle Jarnkrok.
8:51 of 1st period - Stopped by Malcolm Subban with a rebound.
9:23 of 1st period - Snap shot by Calle Jarnkrok.
9:23 of 1st period - Stopped by Malcolm Subban with a rebound.
9:37 of 1st period - Snap shot by Jordan Caron.
9:37 of 1st period - Shot Misses the Net.
9:39 of 1st period - Slapshot by Jamie Oleksiak.
9:39 of 1st period - Stopped by Mark Visentin with a rebound.
9:59 of 1st period - Snap shot by Jordan Caron.
9:59 of 1st period - Stopped by Mark Visentin with a rebound.
10:01 of 1st period - Snap shot by Chris Bigras.
10:01 of 1st period - Shot Blocked by Mark Alt.
10:03 of 1st period - Snap shot by Jordan Caron.
10:03 of 1st period - Goal by Jordan Caron - Harfangs : 1 - Diables : 1.
10:04 of 1st period - Tim Schaller wins face-off versus Cody Eakin in neutral zone.
10:09 of 1st period - Jimmy Hayes is hit by Craig Smith and loses puck.
10:29 of 1st period - Mikko Lehtonen is hit by Oscar Sundqvist and loses puck.
10:48 of 1st period - Elias Lindholm is hit by Ryan Hartman and loses puck.
10:57 of 1st period - Wrist shot by Colton Sissons.
10:57 of 1st period - Shot Misses the Net.
11:26 of 1st period - Wrist shot by Mikko Lehtonen.
11:26 of 1st period - Shot Misses the Net.
11:28 of 1st period - Slapshot by Brandon Burlon.
11:28 of 1st period - Stopped by Mark Visentin with a rebound.
11:30 of 1st period - Slapshot by Carl Gunnarsson.
11:30 of 1st period - Stopped by Mark Visentin with a rebound.
11:32 of 1st period - Wrist shot by Louis Leblanc.
11:32 of 1st period - Goal by Louis Leblanc - Harfangs : 1 - Diables : 2.
11:33 of 1st period - Tim Schaller wins face-off versus Cody Eakin in neutral zone.
11:44 of 1st period - Snap shot by Craig Smith.
11:44 of 1st period - Goal by Craig Smith - Harfangs : 1 - Diables : 3.
11:45 of 1st period - Tim Schaller wins face-off versus Cody Eakin in neutral zone.
12:33 of 1st period - Mark Fraser is hit by Rinat Valiev and loses puck.
13:08 of 1st period - Icing by Pavel Valentenko.
13:09 of 1st period - Cody Eakin wins face-off versus Elias Lindholm in Diables zone.
13:34 of 1st period - Snap shot by Craig Smith.
13:34 of 1st period - Shot Misses the Net.
13:36 of 1st period - Slapshot by Craig Smith.
13:36 of 1st period - Stopped by Mark Visentin with a rebound.
13:38 of 1st period - Wrist shot by Craig Smith.
13:38 of 1st period - Shot Blocked by Jeff Petry.
13:40 of 1st period - Wrist shot by Taylor Beck.
13:40 of 1st period - Stopped by Mark Visentin without a rebound.
13:41 of 1st period - Cody Eakin wins face-off versus Tim Schaller in Harfangs zone.
13:43 of 1st period - Jimmy Hayes is hit by Tim Schaller and loses puck.
13:51 of 1st period - Minor Penalty to Taylor Beck for Interference.
13:52 of 1st period - Cody Eakin wins face-off versus Craig Smith in Diables zone.
13:54 of 1st period - Snap shot by Cody Eakin.
13:54 of 1st period - Shot Misses the Net.
15:51 of 1st period - Penalty to Taylor Beck is over, Taylor Beck is back on ice.
16:09 of 1st period - Slapshot by Taylor Beck.
16:09 of 1st period - Stopped by Mark Visentin without a rebound.
16:10 of 1st period - Oscar Sundqvist wins face-off versus Nick Bjugstad in Harfangs zone.
16:41 of 1st period - Snap shot by Dylan Olsen.
16:41 of 1st period - Stopped by Malcolm Subban with a rebound.
16:49 of 1st period - Snap shot by Dylan Olsen.
16:49 of 1st period - Deflect By Jamie Oleksiak.
16:49 of 1st period - Stopped by Malcolm Subban without a rebound.
16:50 of 1st period - Nick Bjugstad wins face-off versus Cody Eakin in Diables zone.
17:02 of 1st period - Off-side.
17:03 of 1st period - Cody Eakin wins face-off versus Tim Schaller in neutral zone.
17:30 of 1st period - Louis Leblanc is hit by Jujhar Khaira and loses puck.
17:41 of 1st period - Backhand shot by Jujhar Khaira.
17:41 of 1st period - Goal by Jujhar Khaira - Harfangs : 2 - Diables : 3.
17:42 of 1st period - Cody Eakin wins face-off versus Tim Schaller in neutral zone.
17:45 of 1st period - Pavel Valentenko is hit by Jeff Petry and loses puck.
17:50 of 1st period - Wrist shot by Jimmy Hayes.
17:50 of 1st period - Stopped by Malcolm Subban with a rebound.
17:52 of 1st period - Snap shot by Dylan Olsen.
17:52 of 1st period - Deflect By Andreas Martinsen.
17:52 of 1st period - Shot Blocked by Taylor Beck.
17:52 of 1st period - Puck is out of play.
17:53 of 1st period - Tim Schaller wins face-off versus Cody Eakin in Diables zone.
18:02 of 1st period - Wrist shot by Craig Smith.
18:02 of 1st period - Stopped by Mark Visentin without a rebound.
18:03 of 1st period - Tim Schaller wins face-off versus Cody Eakin in Harfangs zone.
18:06 of 1st period - Snap shot by Tim Schaller.
18:06 of 1st period - Stopped by Mark Visentin with a rebound.
18:20 of 1st period - Wrist shot by Tim Schaller.
18:20 of 1st period - Stopped by Mark Visentin without a rebound.
18:21 of 1st period - Calle Jarnkrok wins face-off versus Nick Bjugstad in Harfangs zone.
18:26 of 1st period - Slapshot by Dylan Olsen.
18:26 of 1st period - Stopped by Malcolm Subban with a rebound.
18:28 of 1st period - Slapshot by Calle Jarnkrok.
18:28 of 1st period - Shot Misses the Net.
18:30 of 1st period - Slapshot by Victor Bartley.
18:30 of 1st period - Deflect By Mark Fraser.
18:30 of 1st period - Stopped by Malcolm Subban without a rebound.
18:31 of 1st period - Calle Jarnkrok wins face-off versus Jordan Caron in Diables zone.
18:54 of 1st period - Snap shot by Jan Mursak.
18:54 of 1st period - Shot Misses the Net.
19:08 of 1st period - Wrist shot by Jan Mursak.
19:08 of 1st period - Shot Misses the Net.
Goals for this period are 2 for Harfangs vs 3 for Diables.
Shots for this period are 10 for Harfangs vs 18 for Diables.
2nd period
0:01 of 2nd period - Tim Schaller wins face-off versus Cody Eakin in neutral zone.
0:03 of 2nd period - Minor Penalty to Craig Smith for Roughing.
0:04 of 2nd period - Cody Eakin wins face-off versus Michal Repik in Diables zone.
0:04 of 2nd period - Snap shot by Jimmy Hayes.
0:04 of 2nd period - Stopped by Malcolm Subban without a rebound.
0:05 of 2nd period - Cody Eakin wins face-off versus Michal Repik in Diables zone.
0:50 of 2nd period - Mark Fraser is hit by Michael Bournival and loses puck.
1:09 of 2nd period - Cody Eakin is hit by Pavel Valentenko and loses puck.
2:03 of 2nd period - Penalty to Craig Smith is over, Craig Smith is back on ice.
2:30 of 2nd period - Icing by Oscar Sundqvist.
2:31 of 2nd period - Louis Leblanc wins face-off versus Oscar Sundqvist in Harfangs zone.
2:32 of 2nd period - Snap shot by Mikko Lehtonen.
2:32 of 2nd period - Deflect By Michal Repik.
2:32 of 2nd period - Shot Blocked by Brandon Pirri.
2:32 of 2nd period - Puck is out of play.
2:33 of 2nd period - Elias Lindholm wins face-off versus Oscar Sundqvist in Harfangs zone.
2:44 of 2nd period - Snap shot by Michal Repik.
2:44 of 2nd period - Shot Blocked by Oscar Sundqvist.
3:00 of 2nd period - Wrist shot by Mikko Lehtonen.
3:00 of 2nd period - Goal by Mikko Lehtonen - Harfangs : 2 - Diables : 4.
3:00 of 2nd period - Anton Forsberg enters game.
3:01 of 2nd period - Tim Schaller wins face-off versus Cody Eakin in neutral zone.
3:16 of 2nd period - Slapshot by Jimmy Hayes.
3:16 of 2nd period - Stopped by Malcolm Subban without a rebound.
3:17 of 2nd period - Michael Bournival wins face-off versus Louis Leblanc in Diables zone.
3:57 of 2nd period - Craig Smith is hit by Andreas Martinsen and loses puck.
4:14 of 2nd period - Icing by Jujhar Khaira.
4:15 of 2nd period - Nick Bjugstad wins face-off versus Oscar Sundqvist in Harfangs zone.
4:42 of 2nd period - Snap shot by Jujhar Khaira.
4:42 of 2nd period - Stopped by Malcolm Subban with a rebound.
4:44 of 2nd period - Snap shot by Brandon Pirri.
4:44 of 2nd period - Shot Blocked by Nick Bjugstad.
4:46 of 2nd period - Snap shot by Oscar Sundqvist.
4:46 of 2nd period - Stopped by Malcolm Subban without a rebound.
4:47 of 2nd period - Cody Eakin wins face-off versus Tim Schaller in Diables zone.
5:23 of 2nd period - Slapshot by Mikko Lehtonen.
5:23 of 2nd period - Shot Blocked by Victor Bartley.
5:25 of 2nd period - Slapshot by Christian Thomas.
5:25 of 2nd period - Goal by Christian Thomas - Harfangs : 2 - Diables : 5.
5:26 of 2nd period - Tim Schaller wins face-off versus Cody Eakin in neutral zone.
5:32 of 2nd period - Minor Penalty to Cody Eakin for Holding.
5:33 of 2nd period - Oscar Sundqvist wins face-off versus Craig Smith in Harfangs zone.
5:37 of 2nd period - Minor Penalty to Craig Smith for Slashing.
5:38 of 2nd period - Daniel Zaar wins face-off versus Calle Jarnkrok in Diables zone.
5:47 of 2nd period - Slapshot by Brandon Burlon.
5:47 of 2nd period - Shot Blocked by Dylan Olsen.
6:24 of 2nd period - Snap shot by Andreas Martinsen.
6:24 of 2nd period - Shot Hit the Post.
6:37 of 2nd period - Victor Bartley is hit by Michal Repik and loses puck.
7:32 of 2nd period - Penalty to Cody Eakin is over, Cody Eakin is back on ice.
7:37 of 2nd period - Penalty to Craig Smith is over, Craig Smith is back on ice.
7:38 of 2nd period - Jeff Petry is hit by Pavel Valentenko and loses puck.
9:21 of 2nd period - Carl Gunnarsson is hit by Jujhar Khaira and loses puck.
11:21 of 2nd period - Snap shot by Jujhar Khaira.
11:21 of 2nd period - Stopped by Malcolm Subban without a rebound.
11:22 of 2nd period - Cody Eakin wins face-off versus Louis Leblanc in Diables zone.
11:33 of 2nd period - Slapshot by Jimmy Hayes.
11:33 of 2nd period - Deflect By Mikko Lehtonen.
11:33 of 2nd period - Stopped by Malcolm Subban with a rebound.
11:55 of 2nd period - Victor Bartley is hit by Jamie Oleksiak and loses puck.
12:08 of 2nd period - Slapshot by Mikko Lehtonen.
12:08 of 2nd period - Shot Blocked by Victor Bartley.
12:10 of 2nd period - Snap shot by Mikko Lehtonen.
12:10 of 2nd period - Goal by Mikko Lehtonen - Harfangs : 2 - Diables : 6.
12:11 of 2nd period - Tim Schaller wins face-off versus Calle Jarnkrok in neutral zone.
12:38 of 2nd period - Dylan Olsen is hit by Carl Gunnarsson and loses puck.
12:51 of 2nd period - Snap shot by Nick Bjugstad.
12:51 of 2nd period - Shot Misses the Net.
13:05 of 2nd period - Dylan Olsen is hit by Elias Lindholm and loses puck.
13:06 of 2nd period - Dylan Olsen from Harfangs is injured at 13:06 of 2nd period (Herniated Disc).
13:07 of 2nd period - Cody Eakin wins face-off versus Tim Schaller in Harfangs zone.
13:22 of 2nd period - Snap shot by Jimmy Hayes.
13:22 of 2nd period - Shot Misses the Net.
13:44 of 2nd period - Slapshot by Brandon Burlon.
13:44 of 2nd period - Stopped by Anton Forsberg without a rebound.
13:45 of 2nd period - Oscar Sundqvist wins face-off versus Tim Schaller in Harfangs zone.
15:00 of 2nd period - Slapshot by Brandon Burlon.
15:00 of 2nd period - Stopped by Anton Forsberg without a rebound.
15:01 of 2nd period - Cody Eakin wins face-off versus Tim Schaller in Harfangs zone.
15:01 of 2nd period - Cody Eakin is hit by Taylor Beck.
15:09 of 2nd period - Wrist shot by Craig Smith.
15:09 of 2nd period - Shot Misses the Net.
15:11 of 2nd period - Wrist shot by Taylor Beck.
15:11 of 2nd period - Shot Misses the Net.
15:13 of 2nd period - Snap shot by Tim Schaller.
15:13 of 2nd period - Shot Misses the Net.
15:15 of 2nd period - Snap shot by Tim Schaller.
15:15 of 2nd period - Shot Misses the Net.
15:27 of 2nd period - Jimmy Hayes is hit by Carl Gunnarsson and loses puck.
15:34 of 2nd period - Jimmy Hayes is hit by Mikko Lehtonen and loses puck.
15:45 of 2nd period - Wrist shot by Jimmy Hayes.
15:45 of 2nd period - Stopped by Malcolm Subban with a rebound.
15:51 of 2nd period - Jan Mursak is hit by Cody Eakin and loses puck.
16:04 of 2nd period - Jamie Oleksiak is hit by Jeff Petry and loses puck.
16:49 of 2nd period - Snap shot by Cody Eakin.
16:49 of 2nd period - Shot Misses the Net.
16:55 of 2nd period - Wrist shot by Jimmy Hayes.
16:55 of 2nd period - Stopped by Malcolm Subban with a rebound.
16:57 of 2nd period - Wrist shot by Andreas Martinsen.
16:57 of 2nd period - Shot Blocked by Pavel Valentenko.
16:59 of 2nd period - Wrist shot by Cody Eakin.
16:59 of 2nd period - Shot Misses the Net.
17:01 of 2nd period - Slapshot by Cody Eakin.
17:01 of 2nd period - Stopped by Malcolm Subban with a rebound.
17:03 of 2nd period - Slapshot by Mark Alt.
17:03 of 2nd period - Stopped by Malcolm Subban with a rebound.
17:05 of 2nd period - Snap shot by Cody Eakin.
17:05 of 2nd period - Shot Misses the Net.
17:07 of 2nd period - Snap shot by Jimmy Hayes.
17:07 of 2nd period - Deflect By Pavel Valentenko.
17:07 of 2nd period - Stopped by Malcolm Subban without a rebound.
17:08 of 2nd period - Calle Jarnkrok wins face-off versus Tim Schaller in Diables zone.
17:39 of 2nd period - Wrist shot by Mitchell Moroz.
17:39 of 2nd period - Stopped by Anton Forsberg without a rebound.
17:40 of 2nd period - Elias Lindholm wins face-off versus Oscar Sundqvist in Harfangs zone.
17:43 of 2nd period - Snap shot by Michal Repik.
17:43 of 2nd period - Stopped by Anton Forsberg without a rebound.
17:44 of 2nd period - Oscar Sundqvist wins face-off versus Tim Schaller in Harfangs zone.
18:15 of 2nd period - Slapshot by Victor Bartley.
18:15 of 2nd period - Stopped by Malcolm Subban with a rebound.
18:31 of 2nd period - Minor Penalty to Calle Jarnkrok for Tripping.
18:32 of 2nd period - Tim Schaller wins face-off versus Oscar Sundqvist in Harfangs zone.
19:39 of 2nd period - Taylor Beck is hit by Reid McNeill and loses puck.
Goals for this period are 0 for Harfangs vs 3 for Diables.
Shots for this period are 12 for Harfangs vs 7 for Diables.
3rd period
0:01 of 3rd period - Tim Schaller wins face-off versus Oscar Sundqvist in neutral zone.
0:16 of 3rd period - Snap shot by Taylor Beck.
0:16 of 3rd period - Shot Misses the Net.
0:26 of 3rd period - Oscar Sundqvist is hit by Jan Mursak and loses puck.
0:31 of 3rd period - Penalty to Calle Jarnkrok is over, Calle Jarnkrok is back on ice.
1:28 of 3rd period - Snap shot by Taylor Beck.
1:28 of 3rd period - Stopped by Anton Forsberg with a rebound.
1:30 of 3rd period - Snap shot by Taylor Beck.
1:30 of 3rd period - Shot Misses the Net.
2:59 of 3rd period - Colton Sissons is hit by Jordan Caron and loses puck.
3:18 of 3rd period - Louis Leblanc is hit by Michael Bournival and loses puck.
4:04 of 3rd period - Pavel Valentenko is hit by Andreas Martinsen and loses puck.
4:43 of 3rd period - Mark Alt is hit by Christian Thomas and loses puck.
4:56 of 3rd period - Taylor Beck is hit by Cody Eakin and loses puck.
5:20 of 3rd period - Ryan Hartman is hit by Brandon Burlon.
5:39 of 3rd period - Wrist shot by Craig Smith.
5:39 of 3rd period - Shot Misses the Net.
6:09 of 3rd period - Icing by Victor Bartley.
6:10 of 3rd period - Calle Jarnkrok wins face-off versus Jordan Caron in Harfangs zone.
6:38 of 3rd period - Slapshot by Colton Sissons.
6:38 of 3rd period - Deflect By Pavel Valentenko.
6:38 of 3rd period - Shot Misses the Net.
6:38 of 3rd period - Puck is out of play.
6:39 of 3rd period - Jordan Caron wins face-off versus Cody Eakin in Diables zone.
6:39 of 3rd period - Jordan Caron is hit by Jimmy Hayes.
7:10 of 3rd period - Snap shot by Louis Leblanc.
7:10 of 3rd period - Shot Blocked by Victor Bartley.
7:26 of 3rd period - Michael Bournival is hit by Chris Bigras and loses puck.
7:51 of 3rd period - Backhand shot by Calle Jarnkrok.
7:51 of 3rd period - Stopped by Malcolm Subban with a rebound.
7:53 of 3rd period - Slapshot by Reid McNeill.
7:53 of 3rd period - Shot Misses the Net.
7:55 of 3rd period - Slapshot by Mark Alt.
7:55 of 3rd period - Stopped by Malcolm Subban without a rebound.
7:56 of 3rd period - Tim Schaller wins face-off versus Cody Eakin in Diables zone.
8:24 of 3rd period - Chris Bigras is hit by Jeff Petry and loses puck.
8:48 of 3rd period - Wrist shot by Colton Sissons.
8:48 of 3rd period - Deflect By Brendan Leipsic.
8:48 of 3rd period - Shot Misses the Net.
8:48 of 3rd period - Puck is out of play.
8:49 of 3rd period - Colton Sissons wins face-off versus Tim Schaller in Diables zone.
8:52 of 3rd period - Snap shot by Colton Sissons.
8:52 of 3rd period - Stopped by Malcolm Subban with a rebound.
8:54 of 3rd period - Backhand shot by Reid McNeill.
8:54 of 3rd period - Stopped by Malcolm Subban without a rebound.
8:55 of 3rd period - Cody Eakin wins face-off versus Craig Smith in Diables zone.
9:01 of 3rd period - Tim Schaller and Mark Alt fight to a draw.
9:01 of 3rd period - Penalty to Tim Schaller for Fighting.
9:01 of 3rd period - Penalty to Mark Alt for Fighting.
9:02 of 3rd period - Daniel Zaar wins face-off versus Jimmy Hayes in Diables zone.
9:06 of 3rd period - Icing by Carl Gunnarsson.
9:07 of 3rd period - Cody Eakin wins face-off versus Daniel Zaar in Diables zone.
9:10 of 3rd period - Slapshot by Jimmy Hayes.
9:10 of 3rd period - Shot Misses the Net.
9:12 of 3rd period - Snap shot by Andreas Martinsen.
9:12 of 3rd period - Shot Misses the Net.
9:22 of 3rd period - Wrist shot by Cody Eakin.
9:22 of 3rd period - Shot Misses the Net.
9:40 of 3rd period - Snap shot by Brandon Pirri.
9:40 of 3rd period - Stopped by Malcolm Subban without a rebound.
9:41 of 3rd period - Nick Bjugstad wins face-off versus Cody Eakin in Diables zone.
10:06 of 3rd period - Mark Fraser is hit by Michael Bournival and loses puck.
10:15 of 3rd period - Wrist shot by Mikko Lehtonen.
10:15 of 3rd period - Stopped by Anton Forsberg without a rebound.
10:16 of 3rd period - Daniel Zaar wins face-off versus Cody Eakin in Harfangs zone.
10:17 of 3rd period - Wrist shot by Craig Smith.
10:17 of 3rd period - Stopped by Anton Forsberg without a rebound.
10:18 of 3rd period - Cody Eakin wins face-off versus Daniel Zaar in Harfangs zone.
10:20 of 3rd period - Minor Penalty to Reid McNeill for Slashing.
10:21 of 3rd period - Daniel Zaar wins face-off versus Oscar Sundqvist in Harfangs zone.
10:37 of 3rd period - Slapshot by Jimmy Hayes.
10:37 of 3rd period - Stopped by Malcolm Subban without a rebound.
10:38 of 3rd period - Daniel Zaar wins face-off versus Oscar Sundqvist in Diables zone.
10:45 of 3rd period - Slapshot by Brandon Burlon.
10:45 of 3rd period - Goal by Brandon Burlon - Harfangs : 2 - Diables : 7.
10:46 of 3rd period - Taylor Beck wins face-off versus Cody Eakin in neutral zone.
11:07 of 3rd period - Minor Penalty to Rinat Valiev for Hooking.
11:08 of 3rd period - Oscar Sundqvist wins face-off versus Daniel Zaar in Harfangs zone.
11:08 of 3rd period - Oscar Sundqvist is hit by Brandon Burlon.
13:07 of 3rd period - Penalty to Rinat Valiev is over, Rinat Valiev is back on ice.
13:20 of 3rd period - Colton Sissons is hit by Elias Lindholm and loses puck.
13:27 of 3rd period - Ryan Hartman is hit by Mitchell Moroz and loses puck.
13:40 of 3rd period - Mikko Lehtonen is hit by Reid McNeill and loses puck.
14:55 of 3rd period - Reid McNeill is hit by Mitchell Moroz and loses puck.
15:08 of 3rd period - Oscar Sundqvist is hit by Jamie Oleksiak and loses puck.
15:36 of 3rd period - Taylor Beck is hit by Jimmy Hayes and loses puck.
15:49 of 3rd period - Pavel Valentenko is hit by Calle Jarnkrok and loses puck.
15:54 of 3rd period - Snap shot by Michael Bournival.
15:54 of 3rd period - Deflect By Calle Jarnkrok.
15:54 of 3rd period - Stopped by Malcolm Subban without a rebound.
15:55 of 3rd period - Nick Bjugstad wins face-off versus Calle Jarnkrok in Diables zone.
16:04 of 3rd period - Slapshot by Jan Mursak.
16:04 of 3rd period - Shot Misses the Net.
16:06 of 3rd period - Slapshot by Nick Bjugstad.
16:06 of 3rd period - Shot Misses the Net.
16:08 of 3rd period - Slapshot by Chris Bigras.
16:08 of 3rd period - Shot Blocked by Michael Bournival.
16:10 of 3rd period - Snap shot by Nick Bjugstad.
16:10 of 3rd period - Stopped by Anton Forsberg without a rebound.
16:11 of 3rd period - Tim Schaller wins face-off versus Cody Eakin in Harfangs zone.
16:14 of 3rd period - Wrist shot by Craig Smith.
16:14 of 3rd period - Stopped by Anton Forsberg without a rebound.
16:15 of 3rd period - Cody Eakin wins face-off versus Tim Schaller in Harfangs zone.
16:42 of 3rd period - Wrist shot by Jordan Caron.
16:42 of 3rd period - Shot Blocked by Nick Sorensen.
16:44 of 3rd period - Snap shot by Nick Bjugstad.
16:44 of 3rd period - Diables goal is going for a video replay.
16:44 of 3rd period - The goal is refused. The referee deems the play has been stopped, even if he had not physically had the opportunity to stop play by blowing his whistle..
16:45 of 3rd period - Tim Schaller wins face-off versus Nick Sorensen in Harfangs zone.
16:55 of 3rd period - Wrist shot by Michael Bournival.
16:55 of 3rd period - Stopped by Malcolm Subban with a rebound.
16:57 of 3rd period - Slapshot by Reid McNeill.
16:57 of 3rd period - Stopped by Malcolm Subban with a rebound.
16:59 of 3rd period - Slapshot by Reid McNeill.
16:59 of 3rd period - Stopped by Malcolm Subban without a rebound.
17:00 of 3rd period - Cody Eakin wins face-off versus Nick Bjugstad in Diables zone.
17:13 of 3rd period - Snap shot by Cody Eakin.
17:13 of 3rd period - Shot Blocked by Carl Gunnarsson.
17:15 of 3rd period - Snap shot by Cody Eakin.
17:15 of 3rd period - Stopped by Malcolm Subban with a rebound.
17:25 of 3rd period - Rinat Valiev is hit by Carl Gunnarsson and loses puck.
17:52 of 3rd period - Oscar Sundqvist is hit by Louis Leblanc and loses puck.
19:22 of 3rd period - Michael Bournival is hit by Mikko Lehtonen and loses puck.
Goals for this period are 0 for Harfangs vs 1 for Diables.
Shots for this period are 11 for Harfangs vs 7 for Diables.
Back to the Top